 Dungeon Crawl Stone Soup version 0.25-a0-576-g50b708a4c4 (webtiles) character file.

Game seed: 10452384213793443316, levelgen mode: deterministic

171 Flugslaktarn the Shield-Bearer (level 5, -2/49 HPs)
             Began as a Deep Dwarf Fighter on Mar 1, 2020.
             Slain by an ogre
             ... wielding a +0 giant spiked club
              (8 damage)
             ... on level 4 of the Dungeon.
             The game lasted 00:00:39 (886 turns).

Flugslaktarn the Shield-Bearer (Deep Dwarf Fighter)  Turns: 886, Time: 00:00:39

Health: -2/49      AC:  8    Str: 21    XL:     5   Next: 26%
Magic:  3/3        EV:  7    Int:  8    God:
Gold:   143        SH: 11    Dex: 12    Spells: 4/4 levels left

rFire    . . .     SeeInvis .   a - +0 war axe
rCold    . . .     Gourm    .   n - +2 kite shield
rNeg     . . .     Faith    .   b - +0 scale mail
rPois    .         Spirit   .   m - +0 helmet
rElec    .         Reflect  .   (no cloak)
rCorr    .         Harm     .   (no gloves)
MR       .....                  (no boots)
Stlth    ..........             (no amulet)
HPRegen  0.00/turn              (no ring)
MPRegen  0.08/turn              (no ring)

@: non-regenerating
A: damage resistance, heal wounds, sense surroundings 1, no regeneration
a: Heal Wounds


You were on level 4 of the Dungeon.
You were not hungry.

You visited 1 branch of the dungeon, and saw 4 of its levels.

You collected 143 gold pieces.

Inventory:

Hand Weapons
 a - a +0 war axe (weapon)
Armour
 b - a +0 scale mail (worn)
 c - a +0 kite shield
 m - a +0 helmet (worn)
   (You found it on level 3 of the Dungeon)
 n - a +2 kite shield (worn)
   (You found it on level 4 of the Dungeon)
Scrolls
 g - a scroll of enchant armour {unknown}
 h - 2 scrolls of remove curse {unknown}
 k - a scroll of random uselessness {unknown}
 p - a scroll of teleportation {unknown}
 q - a scroll of identify {unknown}
 r - a scroll of enchant weapon {unknown}
Potions
 d - a potion of might
 i - 2 potions of brilliance {unknown}
 j - a potion of cancellation {unknown}
 l - a potion of mutation {unknown}
 o - a potion of haste {unknown}
Comestibles
 e - 5 rations
 f - 2 chunks of flesh


   Skills:
 + Level 3.4 Fighting
 * Level 4.1 Axes
 + Level 4.1 Armour
 + Level 4.1 Shields


You had 4 spell levels left.
You didn't know any spells.
Your spell library was empty.

Dungeon Overview and Level Annotations

Branches:
Dungeon (4/15)
 Temple: D:4-7

Altars:


Innate Abilities, Weirdness & Mutations

You are resistant to damage.
You can heal yourself by infusing magical energy.
You passively map a small area around you.
You do not regenerate.


Message History

The ogre is almost dead.
The ogre hits you with a +0 giant spiked club!
You are too injured to fight recklessly!
You are too injured to fight recklessly!
You are too injured to fight recklessly!
You are too injured to fight recklessly!
You are too injured to fight recklessly!
You are too injured to fight recklessly!
You are too injured to fight recklessly!
You are too injured to fight recklessly!
You feel much better.
The ogre hits you with a +0 giant spiked club!
You hit the ogre but do no damage.
The ogre is almost dead.
The ogre hits you with a +0 giant spiked club!!
* * * LOW HITPOINT WARNING * * *
You fail to use your ability.
You are no longer poisoned.
The ogre hits you with a +0 giant spiked club!
You die...

,... ,
#................ ....
*##..##.#......... ,
....###..#####.........
.........## ........, ,
..........# ,.....#. *
.#.......## .#.##. *
##........#* .., *
#.........#..., *
#.....@....... , ,
*#....O......... *
..............## *
...........####
####......## * * ,
##...... ##.###..** * *
, .. #..* , *, , *


You could see an ogre.

Vanquished Creatures
  An ogre (D:4)
  A worker ant (D:4)
  4 adders
  3 dart slugs
  A leopard gecko (D:3)
  A giant cockroach (D:2)
  A goblin (D:1)
  3 jackals (D:2)
  A quokka (D:4)
  2 bats (D:1)
  A frilled lizard (D:4)
  2 kobolds
  3 rats
24 creatures vanquished.

Notes
Turn   | Place    | Note
-------+----------+-------------------------------------------
     0 | D:1      | Flugslaktarn the Deep Dwarf Fighter began the quest for the
                  | Orb.
     0 | D:1      | Reached XP level 1. HP: 20/20 MP: 1/1
   131 | D:2      | Reached XP level 2. HP: 21/27 MP: 2/2
   206 | D:2      | Reached XP level 3. HP: 27/34 MP: 3/3
   516 | D:4      | Noticed an ogre
   527 | D:4      | Killed an ogre
   527 | D:4      | Reached XP level 4. HP: 34/42 MP: 3/3
   827 | D:4      | Reached XP level 5. HP: 40/49 MP: 4/4
   865 | D:4      | Noticed an ogre
   886 | D:4      | Slain by an ogre

Levels and vault maps discovered:
D:1:      lightli_arrival_chessboard, layout_basic
D:2:      layout_basic, bloody_trog
D:3:      minmay_angry_zag, layout_rooms, first_ration, lemuel_tele_altar
D:4:      layout_layer_cave, uniq_crazy_yiuf_cottage

Skill      XL: |  1  2  3  4 |
---------------+-------------+-----
Fighting       | 3 |  3.4
Axes           | 3 4 |  4.1
Armour         | 4 |  4.1
Shields        | 4 |  4.1

Action                   |  1- 3 |  4- 6 || total
-------------------------+-------+-------++-------
Melee: War axe           |    53 |    28 ||    81
 Abil: Heal Wounds       |     2 |     2 ||     4
Armor: Scale mail        |    21 |     4 ||    25
Dodge: Dodged            |    19 |     4 ||    23
Block: Kite shield       |    28 |    24 ||    52

Table legend:
 A = Non-vault XP
 B = Vault XP
 C = Vault XP percentage of total XP
 D = Non-vault monster count
 E = Vault monster count
 F = Vault count percentage of total count
                 A         B        C        D         E       F
            +---------+---------+-------+---------+---------+-------
      Total |     245 |       0 |   0.0 |      24 |       0 |   0.0
            +---------+---------+-------+---------+---------+-------
        D:1 |      11 |       0 |   0.0 |       6 |       0 |   0.0
        D:2 |      35 |       0 |   0.0 |       7 |       0 |   0.0
        D:3 |      18 |       0 |   0.0 |       4 |       0 |   0.0
        D:4 |     181 |       0 |   0.0 |       7 |       0 |   0.0
            +---------+---------+-------+---------+---------+-------
